 Dungeon Crawl Stone Soup version 0.30.0-30-g96aa6591b8 (webtiles) character file.

Game seed: 641238473722250205

873 cdecastro the Fighter (level 8, -6/74 HPs)
             Began as a Hill Orc Fighter on June 27, 2023.
             Was a Follower of Beogh.
             Engulfed by a cloud of freezing vapour (12 damage)
             ... on level 5 of the Dungeon.
             The game lasted 00:07:23 (5196 turns).

cdecastro the Fighter (Hill Orc Fighter)            Turns: 5196, Time: 00:07:24

Health: -6/74      AC: 15    Str: 21    XL:     8   Next: 4%
Magic:  11/11      EV: 20    Int:  8    God:    Beogh [*.....]
Gold:   290        SH:  4    Dex: 10    Spells: 7/7 levels left

rFire   . . .        a - +0 war axe
rCold   + . .        c - +0 buckler
rNeg    . . .        y - +0 plate armour
rPois   .            C - +0 helmet
rElec   .            w - +0 cloak
rCorr   +            j - +1 pair of gloves
SInv    .            (no boots)
Will    .....        q - amulet of the acrobat Stlth
                     u - ring of resist corrosion
HPRegen 0.32/turn    B - ring of protection from cold
MPRegen 0.12/turn

%: acrobat
@: acrobatic
A: no striking features
a: Renounce Religion


You were on level 5 of the Dungeon.
You worshipped Beogh.
Beogh was aware of your devotion.
You visited 1 branch of the dungeon, and saw 5 of its levels.

You collected 290 gold pieces.

Inventory:

Hand Weapons
 a - a +0 war axe (weapon)
Missiles
 e - 18 poisoned darts (quivered)
 D - 2 throwing nets
Armour
 c - a +0 buckler (worn)
 j - a +1 pair of gloves (worn)
 w - a +0 cloak (worn)
 y - a +0 plate armour (worn)
 z - a +0 kite shield
 C - a +0 helmet (worn)
Jewellery
 q - an amulet of the acrobat (around neck)
 u - a ring of resist corrosion (left hand)
 B - a ring of protection from cold (right hand)
Scrolls
 g - 2 scrolls of fog {unknown}
 h - 2 scrolls of fear {unknown}
 l - a scroll of enchant weapon {unknown}
 m - 2 scrolls of magic mapping {unknown}
 n - a scroll of enchant armour {unknown}
 r - 3 scrolls of teleportation {unknown}
 s - 2 scrolls of amnesia {unknown}
 t - 6 scrolls of identify {unknown}
 v - 2 scrolls of vulnerability {unknown}
 x - a scroll of poison {unknown}
 E - a scroll of acquirement {unknown}
 F - a scroll of butterflies {unknown}
Potions
 b - a potion of attraction {unknown}
 d - a potion of might
 f - a potion of flight {unknown}
 i - 3 potions of curing {unknown}
 k - a potion of lignification {unknown}
 o - a potion of heal wounds {unknown}
 p - a potion of brilliance {unknown}
 A - a potion of degeneration {unknown}


   Skills:
 - Level 8.3 Fighting
 + Level 7.1 Axes
 - Level 3.2 Armour
 - Level 3.2 Shields
 * Level 4.5 Invocations


You had 7 spell levels left.
You didn't know any spells.
Your spell library was empty.

Dungeon Overview and Level Annotations

Branches:
Dungeon (5/15)
 Temple: D:4-7

Altars:
Elyvilon
Zin


Message History

You are engulfed in freezing vapours.
You resist.
You are engulfed in freezing vapours.
You resist.
You are engulfed in freezing vapours.
You resist.
You are engulfed in freezing vapours.
You resist.
You are engulfed in freezing vapours.
You resist.
* * * LOW HITPOINT WARNING * * *
You see here 12 gold pieces.
You now have 236 gold pieces (gained 10).
You now have 248 gold pieces (gained 12).
You now have 262 gold pieces (gained 14).
You now have 278 gold pieces (gained 16).
You start resting.
HP restored.
You start waiting.
Done waiting.
Really walk into a travel-excluded area?
You now have 290 gold pieces (gained 12).
You are engulfed in freezing vapours.
You resist.
Really walk into a travel-excluded area?
You are engulfed in freezing vapours.
You resist.
You are engulfed in freezing vapours.
You resist.
You are engulfed in freezing vapours.
You resist.
You are engulfed in freezing vapours.
You resist.
You start resting.
You are engulfed in freezing vapours.
You resist.
* * * LOW HITPOINT WARNING * * *
You are engulfed in freezing vapours.
You resist.
* * * LOW HITPOINT WARNING * * *
You are engulfed in freezing vapours.
You resist.
* * * LOW HITPOINT WARNING * * *
You are engulfed in freezing vapours.
You resist.
* * * LOW HITPOINT WARNING * * *
Okay, then.
Unknown command.
Okay, then.
Unknown command.
You are engulfed in freezing vapours.
You resist.
* * * LOW HITPOINT WARNING * * *
You are engulfed in freezing vapours.
You resist.
You die...

....# ....# ## ....# #..
....####.. .#......... .#
........ ##### #
.......##################....
......##################'###
#...#°°°°@°°°.°°°.......##
##...#°####################
......#°°°°°°°°°°°°.......##
#.....######################
#...............############
#....##########...# #....
###.# ..... ... ##.. ###


There were no monsters in sight!

Vanquished Creatures
  A centaur (D:5)
  5 scorpions (D:5)
  2 howler monkeys
  3 hounds
  2 orc priests (D:4)
  A jelly (D:4)
  An orc wizard (D:4)
  2 sleepcaps
  5 adders
  3 gnolls (D:5)
  3 ufetubi
  A worm (D:4)
  4 dart slugs
  10 orcs
  7 ball pythons
  3 bats
  8 endoplasms
  3 giant cockroaches (D:2)
  6 goblins
  7 hobgoblins
  A jackal (D:3)
  6 quokkas
  3 frilled lizards
  6 kobolds
  8 rats
101 creatures vanquished.

Vanquished Creatures (others)
  An endoplasm (D:3)
  A ball python (D:3)
2 creatures vanquished.

Grand Total: 103 creatures vanquished

Notes
Turn   | Place    | Note
-------+----------+-------------------------------------------
     0 | D:1      | cdecastro the Hill Orc Fighter began the quest for the Orb.
     0 | D:1      | Reached XP level 1. HP: 19/19 MP: 1/1
    55 | D:1      | Reached skill level 4 in Fighting
    70 | D:1      | Reached XP level 2. HP: 22/27 MP: 2/2
   448 | D:1      | Reached XP level 3. HP: 34/34 MP: 3/3
  1026 | D:2      | Reached skill level 5 in Fighting
  1130 | D:2      | Reached XP level 4. HP: 42/42 MP: 4/4
  1989 | D:3      | Became a worshipper of Beogh the Brigand
  2218 | D:3      | Found a glowing silver altar of Zin.
  2865 | D:4      | Reached skill level 6 in Fighting
  2865 | D:4      | Reached XP level 5. HP: 37/50 MP: 5/5
  3140 | D:4      | Reached skill level 5 in Axes
  3140 | D:4      | Reached XP level 6. HP: 15/58 MP: 6/6
  3143 | D:4      | Reached skill level 7 in Fighting
  3326 | D:4      | Found a white marble altar of Elyvilon.
  3480 | D:4      | Reached * piety under Beogh
  3928 | D:5      | Entered Level 5 of the Dungeon
  4015 | D:5      | Reached skill level 8 in Fighting
  4015 | D:5      | Reached XP level 7. HP: 54/68 MP: 7/7
  4095 | D:5      | Reached skill level 1 in Invocations
  4592 | D:5      | Reached XP level 8. HP: 61/74 MP: 11/11
  5196 | D:5      | Engulfed by a cloud of freezing vapour

Illustrated notes

Levels and vault maps discovered:
D:1:      nzn_arrival_water_spiral, layout_basic, grunt_decor_cap
D:2:      layout_basic, hangedman_decor_lopped
D:3:      wad_crossroads, layout_loops_ring, zin_scriptorium
D:4:      layout_loops_cross, mainiacjoe_overflow_six_doors_small
D:5:      lemuel_ice_spiral_2, layout_basic, minmay_liquid_box, minivault_1

Skill      XL: |  1  2  3  4  5  6  7 |
---------------+----------------------+-----
Fighting       | 4 5 6 8 |  8.3
Axes           | 3 4 5 6 7 |  7.1
Invocations    | 4 |  4.5
Armour         | |  3.2
Shields        | |  3.2

Action                     |  1- 3 |  4- 6 |  7- 9 || total
---------------------------+-------+-------+-------++-------
  Melee: War axe           |    83 |   159 |    75 ||   317
 Invoke: Convert to Beogh  |       |     1 |       ||     1
 Armour: Scale mail        |    33 |       |       ||    33
         Chain mail        |    11 |    22 |       ||    33
         Plate armour      |       |    80 |    60 ||   140
  Dodge: Dodged            |    42 |    57 |    23 ||   122
  Block: Buckler           |    20 |    21 |    24 ||    65
